 Dungeon Crawl Stone Soup version 0.27-a0-67-g4bfc8a49e1 (webtiles) character file.

Game seed: 5949994874562237690

177604 Borgoz the Brawler (level 18, -11/163 HPs)
             Began as a Ghoul Gladiator on Jan 9, 2021.
             Was the Champion of Makhleb.
             Mangled by an entropy weaver (13 damage)
             ... on level 1 of the Spider Nest.
             The game lasted 01:02:28 (32405 turns).

Borgoz the Brawler (Ghoul Gladiator)               Turns: 32405, Time: 01:02:28

Health: -11/163    AC:  4    Str: 20    XL:     18   Next: 17%
Magic:  23/23      EV: 18    Int:  3    God:    Makhleb [******]
Gold:   1015       SH: 11    Dex: 22    Spells: 22/25 levels left

rFire    + . .     SeeInvis .     - Unarmed
rCold    + . .     Faith    .   z - +0 buckler
rNeg     + + +     Spirit   .   I - +5 chain mail of Xuvocw {rElec Regen+}
rPois    ∞         Reflect  +   t - +1 helmet
rElec    +         Harm     .   (no cloak)
rCorr    .         Rampage  .   (no gloves)
Will     +....                  G - +2 pair of boots {Stlth+}
Stlth    +.........             H - amulet of reflection
HPRegen  0.00/turn              L - +6 ring of dexterity
MPRegen  0.18/turn              l - ring of protection from fire

@: corroded, very slightly contaminated, studying Armour, invisible
A: claws 1, cold resistance 1, negative energy resistance 3, inhibited
regeneration, torment resistance, unbreathing
a: Renounce Religion, Minor Destruction, Lesser Servant of Makhleb, Major
Destruction, Greater Servant of Makhleb


You were on level 1 of the Spider Nest.
You worshipped Makhleb.
Makhleb was exalted by your worship.
You visited 7 branches of the dungeon, and saw 29 of its levels.
You also visited: Sewer, Bailey, Gauntlet and Ice Cave.

You collected 3725 gold pieces.
You spent 2710 gold pieces at shops.

Inventory:

Missiles
 c - 3 throwing nets (quivered)
Armour
 a - a scarf of harm
 t - a +1 helmet (worn)
 z - a +0 buckler (worn)
 G - a +2 pair of boots of stealth (worn)
 I - the +5 chain mail of Xuvocw (worn) {rElec Regen+}
   (You found it on level 2 of the Lair of Beasts)

   It insulates you from electricity.
   It increases your rate of regeneration.
Jewellery
 g - an uncursed ring of see invisible
 l - a ring of protection from fire (right claw)
 n - the ring "Sulalev" {rCorr Dex+3}
   (You took it off a minotaur in a Gauntlet)

   [ring of resist corrosion]

   It affects your dexterity (+3).
   It provides partial protection from all sources of acid and corrosion.
 r - an uncursed ring of protection from fire
 H - an amulet of reflection (around neck)
 L - a +6 ring of dexterity (left claw)
 O - an uncursed ring of willpower
 P - a +4 ring of slaying
Wands
 d - a wand of paralysis (23)
 k - a wand of acid (5)
 x - a wand of digging (5)
 y - a wand of flame (22)
 D - a wand of disintegration (22)
 M - a wand of iceblast (19)
Scrolls
 e - 16 scrolls of remove curse
 h - 8 scrolls of teleportation
 p - a scroll of fog
 s - 3 scrolls of fear
 u - a scroll of summoning
 v - 6 scrolls of identify
 w - 3 scrolls of blinking
 A - a scroll of magic mapping
 B - a scroll of torment
 F - a scroll of silence
 J - 2 scrolls of enchant armour
Potions
 f - 4 potions of curing
 i - a potion of ambrosia
 j - 2 potions of haste
 m - 2 potions of resistance
 o - 4 potions of cancellation
 q - 2 potions of flight
 E - a potion of invisibility
Books
 b - a manual of Armour


   Skills:
 + Level 15.0 Fighting
 - Level 1.7 Throwing
 + Level 15.0 Armour
 + Level 14.0 Dodging
 - Level 5.0 Stealth
 - Level 5.0 Shields
 + Level 16.2 Unarmed Combat
 + Level 4.1 Spellcasting
 + Level 4.1 Hexes
 - Level 5.0 Invocations
 - Level 5.0 Evocations


You had 22 spell levels left.
You knew the following spells:

 Your Spells              Type           Power        Failure   Level
a - Confusing Touch       Hex            3%           75%         3

Your spell library contained the following spells:

 Spells                   Type           Power        Failure   Level
 Corona                   Hex            3%           36%         1
 Tukima's Dance           Hex            3%           75%         3
 Animate Skeleton         Necr           0%           91%         1
 Apportation              Tloc           0%           91%         1
 Foxfire                  Conj/Fire      0%           91%         1
 Shock                    Conj/Air       0%           91%         1
 Summon Small Mammal      Summ           0%           91%         1
 Inner Flame              Hex/Fire       1%           95%         3
 Swiftness                Air            0%           97%         2
 Cause Fear               Hex            1%           98%         4
 Conjure Flame            Conj/Fire      0%           100%        3
 Gell's Gravitas          Tloc           0%           100%        3
 Lesser Beckoning         Tloc           0%           100%        3
 Static Discharge         Conj/Air       0%           100%        3
 Airstrike                Air            0%           100%        4
 Petrify                  Tmut/Erth      0%           100%        4
 Sticky Flame             Conj/Fire      0%           100%        4
 Alistair's Intoxication  Tmut/Pois      0%           100%        5
 Fireball                 Conj/Fire      0%           100%        5
 Lightning Bolt           Conj/Air       0%           100%        5
 Metabolic Englaciation   Hex/Ice        0%           100%        5
 Yara's Violent Unravell  Hex/Tmut       0%           100%        5
 Invisibility             Hex            3%           100%        6
 Chain Lightning          Conj/Air       0%           100%        8
 Lehudib's Crystal Spear  Conj/Erth      0%           100%        8
 Absolute Zero            Ice            0%           100%        9
 Dragon's Call            Summ           0%           100%        9
 Fire Storm               Conj/Fire      0%           100%        9
 Dragon Form              Tmut           Unusable     N/A         7

Dungeon Overview and Level Annotations

Branches:
Dungeon (15/15)            Temple (1/1) D:7            Lair (6/6) D:11
 Shoals (3/4) Lair:3       Spider (1/4) Lair:3        Slime (0/5) Lair:5
    Orc (2/2) D:9             Elf (1/3) Orc:2        Vaults (0/5) D:14
 Depths (0/5) D:15          Sewer (visited)          Bailey (visited)
  IceCv (visited)         Gauntlet (visited)

Altars:
Ashenzari
Cheibriados
Dithmenos
Elyvilon
Fedhas
Gozag
Hepliaklqana
Kikubaaqudgha
Makhleb
Nemelex Xobeh
Okawaru
Qazlal
Ru
Sif Muna
Trog
Uskayaw
Vehumet
Wu Jian
Xom
Yredelemnul
Zin
The Shining One
Lugonu

Shops:
D:9 *   Orc:2 (**   Shoals:2 =

Portals:
Abyss: Shoals:1


Innate Abilities, Weirdness & Mutations

You thrive by killing the living.
You are immune to poison.
You have sharp fingernails.
Your flesh is cold resistant. (rC+)
You are immune to negative energy. (rN+++)
You do not regenerate when monsters are visible.
You are immune to unholy pain and torment.
You can survive without breathing.


Message History

* * * LOW HITPOINT WARNING * * *
The redback completely misses you. The redback bites you.
* * * LOW HITPOINT WARNING * * *
The redback completely misses you. The redback bites you!
* * * LOW HITPOINT WARNING * * *
The redback barely misses you. You block the redback's attack.
Okay, then.
You fade into invisibility!
The redback completely misses you. You block the redback's attack.
The redback bites you!
* * * LOW HITPOINT WARNING * * *
You are very lightly contaminated with residual magic.
The redback barely misses you. The entropy weaver hits you.
* * * LOW HITPOINT WARNING * * *
The entropy weaver hits you.
* * * LOW HITPOINT WARNING * * *
The entropy weaver hits you!
You die...

..#....#.#....##...... ...^
.#.......#...^#...#.....#^..#
.....#..#........#.....#...#.
...#...#...#..#......#.......
............†...........!....
.........#.$......#......#...
....#..#[#....#......#.#...##
#....:.#†<..†..#....#....†...
...#....#†..@s.#.#.....##†#..
......#†^....Bs.....#........
.#.#.#..#.............#..†..[
.......^.....#...#.#....##...
..........................#.#
....#.#..#..#..#...#.....#...
..#.....#...................#
# ......#..........#....#..##
...#....#....#...#.......#.#


You could see an entropy weaver and 2 redbacks.

Vanquished Creatures
  The ghost of Qaurghus the Warrior, a veteran TrFi of Makhleb (Elf:1)
  Nikola (Shoals:1)
  A reaper (Gauntlet)
  A minotaur (Gauntlet)
  Azrael (D:13)
  A merfolk javelineer (Shoals:3)
  A blizzard demon (D:14)
  An ettin (D:15)
  A fire dragon (Lair:6)
  A deep elf high priest (Elf:1)
  3 slime creatures
  The ghost of Pyinaobb the Grappler, a journeyman TrMo (Lair:1)
  Erolcha (D:11)
  The ghost of Bathrag the Reanimator, a journeyman DsWn of Ashenzari (Lair:3)
  The ghost of Megustar the Arsonist, a journeyman DEFE of Vehumet (D:14)
  An alligator snapping turtle (Shoals:3)
  A boulder beetle (D:15)
  3 merfolk avatars
  4 hydras
  A catoblepas (Lair:6)
  A merfolk aquamancer (Shoals:3)
  8 vault guards (D:14)
  A satyr (Shoals:3)
  A death knight (D:15)
  5 two-headed ogres
  5 centaur warriors
  A death yak (Lair:6)
  5 tengu warriors
  4 orc high priests (Orc:2)
  A dancing weapon (Elf:1)
  Urug (Lair:4)
  5 skeletal warriors (D:13)
  2 unseen horrors
  4 sea snakes
  A lindwurm (Lair:6)
  13 harpies
  5 orc knights
  An orb spider (Spider:1)
  3 wolf spiders
  2 statues (D:15)
  7 orc sorcerers
  6 deep elf magi (Elf:1)
  4 cyclopes
  7 ugly things
  3 merfolk sirens
  10 elephants
  10 black mambas
  A faun (Shoals:2)
  2 ice statues (IceCv)
  4 water nymphs
  6 manticores
  3 centaur zombies
  2 molten gargoyles (Lair:6)
  A guardian serpent (shapeshifter) (D:11)
  14 cane toads
  A gargoyle (D:13)
  10 rime drakes
  A freezing wraith (D:14)
  A hellwing (Gauntlet)
  3 tengu conjurers
  2 demonic crawlers (Spider:1)
  A yaktaur (D:11)
  22 komodo dragons
  An efreet (D:14)
  7 trolls
  A polar bear (Lair:6)
  A queen bee (Lair:1)
  A meliai (Lair:1)
  2 wind drakes
  13 merfolk
  5 jumping spiders
  8 blink frogs
  Grinder (D:4)
  4 hornets
  11 dream sheep
  A meliai zombie (D:15)
  10 snapping turtles
  7 centaur simulacra (D:14)
  8 redbacks
  A dire elephant simulacrum (Lair:1)
  A fire elemental (Elf:1)
  4 water elementals
  2 wraiths (D:15)
  A shadow (D:13)
  23 wyverns
  Eustachio (D:6)
  9 tarantellas (Spider:1)
  2 steam dragons
  2 chaos spawn (Gauntlet)
  3 hogs (D:10)
  15 basilisks
  35 yaks
  2 vampire mosquitoes (D:15)
  A neqoxec (Gauntlet)
  A redback simulacrum (D:14)
  3 wargs (Orc:1)
  14 water moccasins
  An acid dragon (D:15)
  7 hell hounds
  2 sky beasts
  35 orc warriors
  2 eyes of draining
  11 ice beasts
  2 necrophages (D:7)
  3 phantoms
  11 black bears
  4 wolves (Lair:2)
  10 ogres
  6 centaurs
  4 big kobolds
  26 bullfrogs
  3 gnoll sergeants (D:10)
  A hornet simulacrum (Lair:1)
  4 scorpions
  A wyvern skeleton (D:11)
  A blink frog simulacrum (Lair:1)
  8 killer bees
  4 wights (D:10)
  7 howler monkeys
  9 electric eels
  9 jellies
  4 hounds
  4 lava snakes (Lair:6)
  A bullfrog zombie (D:6)
  20 orc priests
  4 centaur skeletons
  2 gnoll shamans (D:10)
  A water moccasin simulacrum (Lair:1)
  3 bullfrog skeletons
  4 iguanas
  7 worker ants
  29 orc wizards
  7 hell rats
  A wolf simulacrum (Lair:1)
  A hound skeleton (D:10)
  2 worker ant zombies
  12 gnolls
  18 adders
  11 river rats (Lair:1)
  5 shadow imps
  12 white imps (Orc:2)
  2 ufetubi
  2 oozes
  4 worms
  4 dart slugs
  9 leopard geckos
  65 orcs
  15 bats
  10 giant cockroaches
  12 goblins
  9 hobgoblins
  9 quokkas
  5 ball pythons
  11 frilled lizards
  A jackal skeleton (D:4)
  A jackal zombie (D:6)
  32 kobolds
  A quokka skeleton (D:4)
  A quokka zombie (D:9)
  10 rats
  2 bushes (D:15)
  A lurking horror (Shoals:1)
943 creatures vanquished.

Vanquished Creatures (collateral kills)
  2 centaurs (D:13)
  A killer bee (Lair:1)
3 creatures vanquished.

Vanquished Creatures (others)
  A deep elf demonologist (Elf:1)
  An ugly thing (IceCv)
  2 deep elf magi (Elf:1)
  3 fire elementals (D:13)
  A bullfrog (D:13)
  A howler monkey (D:10)
  33 fungi
  A lurking horror (Shoals:1)
  139 plants
182 creatures vanquished.

Grand Total: 1128 creatures vanquished

Notes
Turn   | Place    | Note
-------+----------+-------------------------------------------
     0 | D:1      | Borgoz the Ghoul Gladiator began the quest for the Orb.
     0 | D:1      | Reached XP level 1. HP: 17/17 MP: 0/0
   227 | D:1      | Reached XP level 2. HP: 14/25 MP: 1/1
   835 | D:1      | Reached XP level 3. HP: 30/30 MP: 2/2
  1668 | D:1      | Reached skill level 1 in Armour
  1751 | D:2      | Reached skill level 4 in Unarmed Combat
  1757 | D:2      | Found a faded altar of an unknown god.
  1802 | D:2      | Reached XP level 4. HP: 36/37 MP: 3/3
  2518 | D:3      | Reached XP level 5. HP: 39/45 MP: 4/4
  2664 | D:3      | HP: 2/45 [gnoll/+0 halberd (3)]
  3186 | D:3      | Reached skill level 5 in Unarmed Combat
  3215 | D:4      | Noticed Grinder
  3231 | D:4      | Paralysed by Grinder for 3 turns
  3239 | D:4      | Paralysed by Grinder for 5 turns
  3251 | D:4      | Lost intelligence.
  3255 | D:4      | Killed Grinder
  3256 | D:4      | Reached XP level 6. HP: 11/52 MP: 5/5
  3303 | D:4      | Found a glowing drain.
  3438 | Sewer    | Entered a sewer
  3528 | Sewer    | Reached XP level 7. HP: 22/58 MP: 6/6
  4560 | D:4      | Reached skill level 6 in Unarmed Combat
  4980 | D:4      | Reached skill level 5 in Dodging
  5140 | D:5      | Entered Level 5 of the Dungeon
  5206 | D:5      | Reached XP level 8. HP: 41/67 MP: 7/7
  5529 | D:5      | Reached skill level 7 in Unarmed Combat
  5989 | D:5      | Reached skill level 5 in Fighting
  6191 | D:6      | Noticed Eustachio
  6231 | D:6      | Killed Eustachio
  6232 | D:6      | Reached XP level 9. HP: 59/74 MP: 8/8
  6323 | D:6      | Reached skill level 8 in Unarmed Combat
  6368 | D:6      | Found a shadowy altar of Dithmenos.
  7282 | D:7      | Found a staircase to the Ecumenical Temple.
  7324 | Temple   | Entered the Ecumenical Temple
  7568 | Temple   | Became a worshipper of Makhleb the Destroyer
  8428 | D:8      | Reached skill level 9 in Unarmed Combat
  8700 | D:8      | Reached * piety under Makhleb
  8860 | D:8      | Found a hazy altar of Hepliaklqana.
  8874 | D:8      | Reached XP level 10. HP: 27/84 MP: 9/9
  9648 | D:9      | Reached skill level 5 in Armour
  9680 | D:9      | Found Feato's General Store.
  9684 | D:9      | Bought a scroll of teleportation for 42 gold pieces
  9713 | D:9      | Found a flagged portal.
  9786 | Bailey   | Entered a bailey
 10364 | Bailey   | Found a roughly hewn altar of Beogh.
 10364 | Bailey   | Noticed an orc knight
 10418 | Bailey   | Reached skill level 10 in Unarmed Combat
 10421 | Bailey   | HP: 3/84 [orc warrior/+0 glaive (4)]
 10425 | Bailey   | Reached ** piety under Makhleb
 10771 | Bailey   | Killed an orc knight
 11490 | D:9      | Reached XP level 11. HP: 94/95 MP: 9/12
 11544 | D:9      | Noticed a two-headed ogre
 11560 | D:9      | Killed a two-headed ogre
 12040 | D:9      | Found a staircase to the Orcish Mines.
 12299 | D:10     | Entered Level 10 of the Dungeon
 12413 | D:10     | Reached skill level 11 in Unarmed Combat
 12450 | D:10     | Learned a level 3 spell: Confusing Touch
 12647 | D:10     | Reached XP level 12. HP: 95/104 MP: 13/13
 13349 | D:10     | Reached *** piety under Makhleb
 13561 | D:10     | Noticed a two-headed ogre
 13575 | D:10     | Killed a two-headed ogre
 13576 | D:10     | Reached skill level 10 in Dodging
 14064 | D:10     | Reached skill level 10 in Fighting
 14275 | D:10     | Found a sparkling altar of Nemelex Xobeh.
 14333 | D:10     | Reached skill level 10 in Armour
 14372 | D:10     | Reached skill level 1 in Shields
 15318 | D:11     | Noticed a centaur warrior
 15325 | D:11     | Killed a centaur warrior
 15502 | D:11     | Found a staircase to the Lair.
 15525 | D:11     | Reached **** piety under Makhleb
 15630 | D:11     | Noticed Erolcha
 15644 | D:11     | Killed Erolcha
 15645 | D:11     | Reached skill level 12 in Unarmed Combat
 16234 | D:12     | Reached XP level 13. HP: 114/114 MP: 14/14
 17223 | D:13     | Reached ***** piety under Makhleb
 17404 | D:13     | Noticed Azrael
 17471 | D:13     | Killed Azrael
 18115 | D:14     | Reached skill level 13 in Unarmed Combat
 18146 | D:14     | Found an opulent altar of Gozag.
 18180 | D:14     | Noticed Megustar's ghost (journeyman DEFE)
 18180 | D:14     | Noticed a blizzard demon
 18237 | D:14     | Noticed a vault guard
 18237 | D:14     | Noticed a vault guard
 18237 | D:14     | Noticed a vault guard
 18238 | D:14     | Found a gate to the Vaults.
 18238 | D:14     | Noticed a vault guard
 18238 | D:14     | Noticed a vault guard
 18239 | D:14     | Noticed a vault guard
 18239 | D:14     | Noticed a vault guard
 18239 | D:14     | Noticed a vault guard
 18254 | D:14     | Killed a vault guard
 18264 | D:14     | Killed a vault guard
 18265 | D:14     | Reached XP level 14. HP: 125/125 MP: 15/15
 18581 | D:14     | Found a runed translucent gate.
 18582 | D:14     | Found a runed translucent gate.
 18583 | D:14     | Found a runed translucent gate.
 18762 | D:15     | Entered Level 15 of the Dungeon
 18829 | D:15     | Found a staircase to the Depths.
 19202 | D:15     | Found the +0 pair of fencer's gloves {Riposte Dex+3}
 19691 | D:15     | Found a glowing golden altar of the Shining One.
 20032 | Lair:1   | Entered Level 1 of the Lair of Beasts
 20196 | Lair:1   | Found a transporter.
 20200 | Lair:1   | Found a transporter.
 20201 | Lair:1   | Noticed Pyinaobb's ghost (journeyman TrMo)
 20306 | Lair:1   | Found a transporter.
 20365 | Lair:1   | Found a gate leading to a gauntlet.
 20373 | Gauntlet | Entered a Gauntlet
 20373 | Gauntlet | Found a transporter.
 20383 | Gauntlet | Found a transporter.
 20384 | Gauntlet | Found the +10 Black Knight's barding {ponderous, rPois rN+}
 20389 | Gauntlet | Found a runed translucent gate.
 20389 | Gauntlet | Found a runed translucent gate.
 20389 | Gauntlet | Found a runed translucent gate.
 20391 | Gauntlet | Found a transporter.
 20393 | Gauntlet | Found a transporter.
 20408 | Gauntlet | Found a transporter.
 20419 | Gauntlet | Found a transporter.
 20429 | Gauntlet | Found a transporter.
 20442 | Gauntlet | Found a transporter.
 20443 | Gauntlet | Noticed a reaper
 20457 | Gauntlet | Found a transporter.
 20479 | Gauntlet | Found a transporter.
 20479 | Gauntlet | Found a transporter.
 20490 | Gauntlet | Found a transporter.
 20529 | Gauntlet | Found a transporter.
 20543 | Gauntlet | Found a transporter.
 20640 | Gauntlet | Reached skill level 14 in Unarmed Combat
 20724 | Gauntlet | Killed a reaper
 20752 | Gauntlet | Reached XP level 15. HP: 133/135 MP: 16/16
 20764 | Gauntlet | Identified the ring "Sulalev" {rCorr Dex+3}
 21020 | Lair:1   | Found a transporter.
 21465 | Lair:2   | Reached ****** piety under Makhleb
 21534 | Lair:2   | Reached XP level 16. HP: 142/143 MP: 17/17
 21671 | Lair:2   | Got a distressingly furry chain mail
 21701 | Lair:2   | Identified the +5 chain mail of Xuvocw {rElec Regen+} (You
                  | found it on level 2 of the Lair of Beasts)
 22100 | Lair:3   | Found a hole to the Spider Nest.
 22386 | Lair:3   | Found a staircase to the Shoals.
 22435 | Lair:3   | Reached skill level 5 in Stealth
 22702 | Lair:3   | Found a large runed translucent door.
 22702 | Lair:3   | Found a large runed translucent door.
 22702 | Lair:3   | Noticed Bathrag's ghost (journeyman DsWn)
 22818 | Lair:3   | Killed Bathrag's ghost
 23079 | Lair:4   | Reached skill level 5 in Shields
 23268 | Lair:4   | Noticed Urug
 23291 | Lair:4   | Killed Urug
 24051 | Lair:5   | Found a staircase to the Slime Pits.
 24331 | Lair:5   | Identified a scroll of acquirement
 24697 | Lair:6   | Entered Level 6 of the Lair of Beasts
 24791 | Lair:6   | Reached skill level 15 in Unarmed Combat
 25033 | Lair:6   | Reached skill level 5 in Evocations
 25043 | Lair:6   | Acquired 804 gold pieces
 25495 | Lair:6   | Found a large runed translucent door.
 25544 | Lair:6   | Reached skill level 5 in Invocations
 25620 | Lair:6   | Found a large runed translucent door.
 26145 | Lair:1   | Killed Pyinaobb's ghost
 26167 | Lair:1   | Reached XP level 17. HP: 61/152 MP: 19/19
 26505 | D:14     | Killed Megustar's ghost
 26717 | Orc:1    | Entered Level 1 of the Orcish Mines
 27029 | Orc:2    | Entered Level 2 of the Orcish Mines
 27029 | Orc:2    | Found a frozen archway.
 27097 | IceCv    | Entered an ice cave
 27133 | IceCv    | Found a transporter.
 27152 | IceCv    | Found a transporter.
 27298 | Orc:2    | Reached skill level 1 in Spellcasting
 27310 | Orc:2    | Reached skill level 1 in Hexes
 27505 | Orc:2    | Found a staircase to the Elven Halls.
 27662 | Orc:2    | Found Urrohusm's General Store.
 27687 | Orc:2    | Paralysed by an orc sorcerer for 4 turns
 28087 | Orc:2    | Found Utug Gedgh's Antique Weapon Boutique.
 28101 | Orc:2    | Found Geejor's Assorted Antiques.
 28104 | Orc:2    | Found Raril's Weapon Shoppe.
 28238 | Orc:2    | Bought a scroll of magic mapping for 94 gold pieces
 28486 | Shoals:1 | Entered Level 1 of the Shoals
 28486 | Shoals:1 | Noticed Nikola
 28522 | Shoals:1 | Killed Nikola
 28523 | Shoals:1 | Found a one-way gate to the infinite horrors of the Abyss.
 28643 | Shoals:1 | Got a dazzling leather armour
 28654 | Shoals:1 | Identified the cursed +1 leather armour of Experimentation
                  | {rN+ Dex+3} (You found it on level 1 of the Shoals)
 28770 | Shoals:1 | Found a corrupted altar of Lugonu.
 28996 | Shoals:1 | Got a coiled platinum ring
 28998 | Shoals:1 | Identified the ring of Dim Light {rN+ Str+6 Dex-4 Stlth+}
                  | (You found it on level 1 of the Shoals)
 30069 | Shoals:2 | Found Xuichuq's Jewellery Boutique.
 30077 | Shoals:2 | Bought a +4 ring of slaying for 936 gold pieces
 30077 | Shoals:2 | Bought a +6 ring of dexterity for 702 gold pieces
 30440 | Shoals:3 | Reached skill level 16 in Unarmed Combat
 30619 | Shoals:2 | Bought a +4 ring of slaying for 936 gold pieces
 31070 | Elf:1    | Entered Level 1 of the Elven Halls
 31085 | Elf:1    | Found a large runed translucent door.
 31085 | Elf:1    | Found a large runed translucent door.
 31091 | Elf:1    | Noticed Qaurghus's ghost (veteran TrFi)
 31757 | Elf:1    | Killed Qaurghus's ghost
 31758 | Elf:1    | Reached XP level 18. HP: 63/162 MP: 22/22
 32151 | Spider:1 | Entered Level 1 of the Spider Nest
 32293 | Spider:1 | Reached skill level 15 in Armour
 32321 | Spider:1 | Reached skill level 15 in Fighting
 32405 | Spider:1 | HP: 7/163 [entropy weaver (4)]
 32405 | Spider:1 | HP: 2/163 [entropy weaver (5)]
 32405 | Spider:1 | Mangled by an entropy weaver

Illustrated notes

Levels and vault maps discovered:
D:1:      psy_arrival_radial01, layout_basic, glass_columns_a,
          chequers_serial_rivers_micro_e, grunt_decor_arrowhead
D:2:      wad_crossroads, layout_basic, chequers_ecumenical_altar_simple
D:3:      layout_basic
D:4:      layout_loops_ring, portal_sewer_entry_c,
          hangedman_decor_diamond_cutter, grunt_ministairs_1, uniq_grinder
D:5:      layout_basic
D:6:      layout_basic, nicolae_overflow_hidden_temple, serial_curves,
          eino_curves_03, eino_curves_01, uniq_eustachio
D:7:      layout_gridville, minmay_temple_entry_glass
D:8:      layout_basic, basic_altar
D:9:      layout_basic, enter_bailey_3, serial_shops, shop,
          minmay_misc_feat_columns
D:10:     kennysheep_town
D:11:     layout_roguey, due_lair_maze_entry_diamond, minmay_radiant,
          uniq_erolcha
D:12:     layout_long_grid
D:13:     layout_loops_corners, grunt_ministairs_15, uniq_azrael
D:14:     layout_rooms, erik_vaults_2, gammafunk_ghost_icy,
          nicolae_gozag_seed_capital, minmay_variable_closet
D:15:     hangedman_depths_entry_civil_slaughter, layout_loops_ring,
          tso_metal_star, minmay_dual_archer_statues
Temple:   roderic_octagonal_lattice_temple
Lair:1:   gammafunk_cloud_chamber, layout_regular_city, gauntlet_entry_generic,
          gammafunk_ghost_hive, kennysheep_rathole, infiniplex_staircase_pool,
          serial_bayou_shore_b
Lair:2:   layout_hall_layers, beast_lair_carwin_1, grunt_megastairs_1,
          infiniplex_staircase_pool_2
Lair:3:   layout_misc_corridors, elwin_shoals_entry_stream, dummy_spider_entry,
          ebering_ghost_disaster_area
Lair:4:   layout_loops_ring, special_room [special_room_mythical_zoo],
          lemuel_fruit_fields, uniq_urug
Lair:5:   layout_loops_ring, minmay_slime_entry_pillars, minivault_27
Lair:6:   cheibrodos_lair_end_hotspot, layout_hall_layers,
          nicolae_lair_yak_garden
Shoals:1: layout_shoals, amcnicky_altar_lugonu_corruption, uniq_nikola
Shoals:2: layout_shoals, minmay_shop_enchanted_jewellery
Shoals:3: layout_shoals, uniq_ilsuiw
Spider:1: nicolae_spider_hall_of_the_moth_king, zaba_antful_of_joy, uniq_donald
Orc:1:    layout_diamond_mine
Orc:2:    st_orc_elflike, layout_diamond_mine, portal_ice_cave_entry_imps
Elf:1:    layout_geoelf_grid, serial_shops, nicolae_shop_stone,
          ebering_ghost_disaster_area, minmay_elf_demonology

Skill      XL: |  1  2  3  4  5  6  7  8  9 10 11 12 13 14 15 16 17 18 |
---------------+-------------------------------------------------------+-----
Dodging        | 3 4 5 6 7 9 10 11 12 13 14 | 14.0
Armour         | 1 2 3 4 8 9 10 12 13 14 15 | 15.0
Unarmed Combat | 4 5 6 7 9 10 11 12 13 14 15 16 | 16.2
Fighting       | 3 4 5 6 8 9 10 11 13 14 15 | 15.0
Stealth        | 3 4 5 |  5.0
Invocations    | 3 5 |  5.0
Evocations     | 2 3 5 |  5.0
Shields        | 3 4 5 |  5.0
Spellcasting   | 3 4 |  4.1
Hexes          | 3 4 |  4.1
Throwing       | |  1.7

Action                   |  1- 3 |  4- 6 |  7- 9 | 10-12 | 13-15 | 16-18 || total
-------------------------+-------+-------+-------+-------+-------+-------++-------
Melee: Unarmed           |   114 |   220 |   493 |   772 |  1024 |  1946 ||  4569
       Punch             |     1 |     4 |    18 |    23 |       |       ||    46
Throw: Throwing net      |       |     2 |       |     3 |       |       ||     5
Invok: Lesser Servant of |       |       |       |       |     1 |     1 ||     2
Evoke: Wand              |       |       |       |    17 |    19 |     2 ||    38
  Use: Potion            |       |     5 |       |    10 |    15 |     8 ||    38
       Scroll            |       |     1 |    11 |    11 |     1 |    10 ||    34
 Stab: Sleeping          |     1 |       |       |     4 |     3 |       ||     8
       Paralysed         |       |       |       |     1 |    15 |       ||    16
       Distracted        |       |       |       |     1 |     2 |     1 ||     4
Armor: Leather armour    |    37 |     8 |       |       |       |       ||    45
       Ring mail         |       |    73 |   148 |       |       |       ||   221
       Steam dragon scal |       |       |       |    45 |       |       ||    45
       Quicksilver drago |       |       |       |   212 |   358 |    11 ||   581
       Chain mail        |       |       |       |       |       |   856 ||   856
Dodge: Dodged            |    83 |   146 |   281 |   619 |   594 |  1489 ||  3212
Block: Buckler           |       |       |       |    39 |   179 |  1022 ||  1240
       Reflection        |       |       |       |       |       |    16 ||    16

Table legend: (Time is in decaauts)
 A = Elapsed time spent in this place.
 B = Non-inter-level travel time spent in this place.
 C = Inter-level travel time spent in this place.
 D = Time resting spent in this place.
 E = Time spent auto-exploring this place.
 F = Levels seen in this place.
 G = Mean time per level.
                   A        B        C        D        E       F      G
               +--------+--------+--------+--------+--------+-----+--------+
         Total |  31732 |  29265 |   2467 |   6489 |  14796 |  33 |  961.6 |
       Dungeon |  18146 |  16678 |   1468 |   3657 |   9199 |  15 | 1209.7 |
        Temple |    268 |    228 |     40 |      0 |    227 |   1 |  268.0 |
          Lair |   5875 |   5286 |    589 |    597 |   3105 |   6 |  979.2 |
        Shoals |   2203 |   2061 |    142 |    435 |    929 |   3 |  734.3 |
   Spider Nest |    184 |    184 |      0 |      5 |      1 |   1 |  184.0 |
  Orcish Mines |   1735 |   1517 |    218 |    407 |    740 |   2 |  867.5 |
   Elven Halls |    388 |    379 |      9 |    211 |     12 |   1 |  388.0 |
         Sewer |    527 |    527 |      0 |    185 |    182 |   1 |  527.0 |
        Bailey |   1799 |   1799 |      0 |    991 |    219 |   1 | 1799.0 |
      Ice Cave |    138 |    138 |      0 |      0 |      0 |   1 |  138.0 |
      Gauntlet |    464 |    464 |      0 |      0 |    180 |   1 |  464.0 |
               +--------+--------+--------+--------+--------+-----+--------+

Top non-repeatable levels by time:
    D:10: 3106 daAuts
  Bailey: 1799 daAuts
     D:1: 1710 daAuts
  Lair:1: 1463 daAuts
     D:8: 1284 daAuts
   Orc:2: 1278 daAuts
    D:13: 1247 daAuts
     D:3: 1182 daAuts
     D:4: 1126 daAuts
    D:15: 1121 daAuts
     D:9: 1115 daAuts
     D:6: 1055 daAuts
     D:5: 1032 daAuts
    D:14: 1031 daAuts
Shoals:1: 997 daAuts
